 Dungeon Crawl Stone Soup version 0.30-a0-475-g03497ec522 (webtiles) character file.

Game seed: 1362345139556127572

1144 Darkkill the Shooter (level 8, -1/70 HPs)
             Began as a Minotaur Hunter on Dec 20, 2022.
             Was an Initiate of Gozag.
             Slain by an iguana (5 damage)
             ... on level 6 of the Dungeon.
             The game lasted 00:05:28 (5121 turns).

Darkkill the Shooter (Minotaur Hunter)              Turns: 5121, Time: 00:05:28

Health: -1/70      AC:  2    Str: 15    XL:     8   Next: 15%
Magic:  7/7        EV: 14    Int:  6    God:    Gozag
Gold:   225        SH:  0    Dex: 17    Spells: 7/7 levels left

rFire   . . .      SeeInvis .    a - +0 shortbow
rCold   . . .      Faith    .    (shield currently unavailable)
rNeg    . . .      Spirit   .    c - +2 leather armour
rPois   .          Reflect  .    (helmet restricted)
rElec   .          Harm     .    o - +0 cloak
rCorr   .          Rampage  .    (no gloves)
Will    .....                    (no boots)
Stlth   +++.......               (no amulet)
HPRegen 0.31/turn                (no ring)
MPRegen 0.10/turn                (no ring)

@: corroded, gold aura
A: horns 2, retaliatory headbutt
a: Renounce Religion, Potion Petition, Call Merchant, Bribe Branch


You were on level 6 of the Dungeon.
You worshipped Gozag.
Gozag was aware of your devotion.
You visited 2 branches of the dungeon, and saw 7 of its levels.

You collected 377 gold pieces.
You spent 45 gold pieces at shops.
You paid 107 gold pieces to Gozag.

Inventory:

Hand Weapons
 a - a +0 shortbow (weapon)
Missiles
 e - 62 stones
 g - 6 boomerangs
 l - 8 poisoned darts
Armour
 c - a +2 leather armour (worn)
 o - a +0 cloak (worn)
Jewellery
 h - a ring of poison resistance
Wands
 p - a wand of paralysis (4)
Scrolls
 b - a scroll of immolation
 j - 2 scrolls of poison
 m - a scroll of teleportation
Potions
 d - a potion of lignification
 f - 2 potions of curing {@q1}
 i - 2 potions of attraction
 k - a potion of berserk rage
 q - a potion of heal wounds
 r - a potion of mutation


   Skills:
 + Level 6.2 Fighting
 + Level 6.9 Ranged Weapons
 + Level 5.6 Dodging
 + Level 4.3 Stealth


You had 7 spell levels left.
You didn't know any spells.
Your spell library contained the following spells:

 Spells                   Type           Power      Damage    Failure   Level
 Hailstorm                Conj/Ice       0%         3d3       88%         3
 Ice Form                 Ice/Tmut       0%         N/A       99%         4
 Malign Gateway           Summ/Tloc      0%         N/A       100%        7
 Summon Horrible Things   Summ           0%         N/A       100%        8
 Simulacrum               Ice/Necr       Unusable   N/A       N/A         6

Dungeon Overview and Level Annotations

Branches:
Dungeon (6/15)             Temple (1/1) D:5

Altars:
Cheibriados
Elyvilon
Fedhas
Gozag
Hepliaklqana
Kikubaaqudgha
Makhleb
Nemelex Xobeh
Okawaru
Sif Muna
Trog
Uskayaw
Vehumet
Wu Jian
Xom
Yredelemnul
Zin
The Shining One

Shops:
D:3 [   D:4 [   D:5 !

Annotations:
D:4 3 runed translucent doors, NinjaNoafa's ghost, amateur DjTm; bakla's ghost, amateur OpIE


Innate Abilities, Weirdness & Mutations

You have a pair of horns on your head.
You reflexively headbutt those who attack you in melee.


Message History

A hound comes into view.
You have reached level 8!
You feel agile.
You shoot an arrow. The arrow hits the hound!
The hound is severely wounded.
An acid dragon comes into view.
You shoot an arrow.
The arrow hits the hound but does no damage.
The hound is severely wounded.
The hound closely misses you. The hound bites you but does no damage.
You shoot an arrow. The arrow barely misses the hound.
The arrow hits the acid dragon but does no damage.
The hound bites you.
You shoot an arrow. The arrow barely misses the hound.
The arrow hits the iguana but does no damage.
The hound misses you. The hound barely misses you.
You shoot an arrow. The arrow hits the hound!
You kill the hound!
The worm closely misses you.
The iguana is distracted by your dazzling golden aura.
Your Fighting skill increases to level 6!
You shoot an arrow.
The arrow barely misses the acid dragon.
The arrow closely misses the iguana.
The iguana hisses angrily.
The acid dragon spits acid at you. The splash of acid hits you!!
The worm is distracted by your dazzling golden aura.
You hear a shout!
You hear an angry hiss.
You hear a shout!
You are too injured to fight recklessly!
You are too injured to fight recklessly!
You are too injured to fight recklessly!
You are too injured to fight recklessly!
You are too injured to fight recklessly!
You are too injured to fight recklessly!
You are too injured to fight recklessly!
You are too injured to fight recklessly!
You are too injured to fight recklessly!
You are too injured to fight recklessly!
You are too injured to fight recklessly!
You are too injured to fight recklessly!
You are too injured to fight recklessly!
Fire: a) +0 shortbow
Press: ? - help, Q - select action, (/) - cycle Shift-Dir - straight line, f - iguana, p - acid dragon
Aim: an iguana (69% to hit)
You shoot an arrow. The arrow hits the acid dragon!
The acid dragon is moderately wounded.
The iguana is no longer distracted by gold.
The acid dragon closely misses you. You furiously retaliate!
You headbutt the acid dragon. The acid dragon barely misses you.
Fire: a) +0 shortbow
Press: ? - help, Q - select action, (/) - cycle Shift-Dir - straight line, f/p - iguana
Aim: an iguana (69% to hit)
You shoot an arrow.
The arrow barely misses the acid dragon.
The arrow closely misses the iguana.
The acid dragon misses you. You furiously retaliate!
You headbutt the acid dragon! The acid dragon completely misses you.
Fire: a) +0 shortbow
Press: ? - help, Q - select action, (/) - cycle Shift-Dir - straight line, f/p - iguana
Aim: an iguana (69% to hit)
You shoot an arrow. The arrow hits the acid dragon.
The acid dragon is almost dead.
The acid dragon misses you. The acid dragon barely misses you.
The iguana is distracted by your dazzling golden aura.
The acid dragon spits acid at you. The splash of acid hits you!!
* * * LOW HITPOINT WARNING * * *
The acid corrodes you!
The iguana hisses angrily.
You hear an angry hiss. x2; You hear a shout! x2
Fire: a) +0 shortbow
Press: ? - help, Q - select action, (/) - cycle Shift-Dir - straight line, f/p - iguana
Aim: an iguana (69% to hit)
You shoot an arrow.
The arrow hits the acid dragon but does no damage.
The acid dragon is almost dead.
The iguana is no longer distracted by gold.
The worm is no longer distracted by gold.
An adder comes into view.
The acid dragon closely misses you. You furiously retaliate!
You headbutt the acid dragon.
You kill the acid dragon!
The worm closely misses you.
Fire: a) +0 shortbow
Press: ? - help, Q - select action, (/) - cycle Shift-Dir - straight line, f/p - iguana
Aim: an iguana (69% to hit)
You shoot an arrow.
The arrow hits the iguana but does no damage.
The iguana barely misses you.
Fire: a) +0 shortbow
Press: ? - help, Q - select action, (/) - cycle Shift-Dir - straight line, f/p - iguana
Aim: an iguana (69% to hit)
You shoot an arrow. The arrow hits the iguana.
The iguana is lightly wounded.
The iguana bites you.
* * * LOW HITPOINT WARNING * * *
The worm barely misses you. The iguana bites you.
You die...
Your body crumbles into a pile of gold.

$ ## .#^# . ..
.#.# .. .. ...
... #. ..#
..##. ..# ...
..# ##l#..#
#..@..#
.......w..S....
$
..........#..#.
.#.###$#.## .#
.. .. ## $ .
##. #$ ##


You could see a worm, an iguana and an adder.

Vanquished Creatures
  An acid dragon (D:6)
  An ice beast (D:5)
  An ogre (D:5)
  A phantom (D:5)
  2 scorpions (D:5)
  A howler monkey (D:6)
  3 hounds
  A jelly (D:4)
  2 orc priests
  2 iguanas
  7 orc wizards
  4 gnolls (D:5)
  4 adders
  An ufetubus (D:5)
  9 worms
  4 dart slugs
  23 orcs
  6 ball pythons
  6 bats
  2 endoplasms
  3 giant cockroaches
  11 goblins
  5 hobgoblins
  3 jackals (D:5)
  11 kobolds
  4 frilled lizards
  7 rats
125 creatures vanquished.

Notes
Turn   | Place    | Note
-------+----------+-------------------------------------------
     0 | D:1      | Darkkill the Minotaur Hunter began the quest for the Orb.
     0 | D:1      | Reached XP level 1. HP: 18/18 MP: 0/0
    81 | D:1      | Reached skill level 1 in Stealth
   128 | D:1      | Reached XP level 2. HP: 24/25 MP: 1/1
   881 | D:2      | Reached XP level 3. HP: 31/31 MP: 2/2
  1537 | D:3      | Found Utaun's Armour Shop.
  1593 | D:3      | Reached XP level 4. HP: 38/38 MP: 3/3
  1644 | D:3      | Reached skill level 5 in Ranged Weapons
  1906 | D:3      | Reached XP level 5. HP: 34/46 MP: 4/4
  2655 | D:4      | HP: 1/46 [orc wizard/puff of flame (13)]
  2661 | D:4      | HP: 8/46 [orc wizard/+0 dagger (2)]
  2665 | D:4      | HP: 2/69 [orc priest/divine providence (8)]
  2727 | D:4      | HP: 7/46 [adder (4)]
  2730 | D:4      | HP: 2/46 [poisoned by an adder]
  2997 | D:4      | Reached XP level 6. HP: 41/52 MP: 5/5
  3225 | D:4      | Found Huji's Armour Emporium.
  3252 | D:4      | Found a runed translucent gate.
  3252 | D:4      | Found a runed translucent gate.
  3252 | D:4      | Found a runed translucent gate.
  3256 | D:4      | Noticed bakla's ghost (amateur OpIE)
  3256 | D:4      | Noticed NinjaNoafa's ghost (amateur DjTm)
  3699 | D:5      | Entered Level 5 of the Dungeon
  3699 | D:5      | Found Nousiet's Distillery.
  3709 | D:5      | Bought a potion of curing for 45 gold pieces
  3815 | D:5      | Noticed an ice beast
  3820 | D:5      | Killed an ice beast
  3983 | D:5      | Reached skill level 5 in Fighting
  3983 | D:5      | Reached XP level 7. HP: 53/61 MP: 6/6
  4501 | D:5      | Found a staircase to the Ecumenical Temple.
  4510 | D:5      | Reached skill level 5 in Dodging
  4519 | D:5      | Paralysed by an orc for 4 turns
  4551 | Temple   | Entered the Ecumenical Temple
  4560 | Temple   | Became a worshipper of Gozag Ym Sagoz the Greedy
  5109 | D:6      | Reached XP level 8. HP: 70/70 MP: 7/7
  5117 | D:6      | HP: 9/70 [acid dragon/splash of acid (33)]
  5120 | D:6      | HP: 4/70 [iguana (6)]
  5121 | D:6      | Slain by an iguana

Illustrated notes

Levels and vault maps discovered:
D:1:      psy_arrival_statuary, layout_basic, hangedman_decor_diamond_cutter,
          grunt_decor_cap
D:2:      layout_basic, st_stairs_8
D:3:      layout_basic, serial_shops, shop, nicolae_wormholes
D:4:      layout_loops_ring, serial_shops, shop, gammafunk_ghost_cemetery,
          minmay_diced_spiral
D:5:      layout_rooms, minmay_temple_entry_trees, serial_co_window_serial,
          co_window_corner_a, co_window_corner_a, co_window_paths_b,
          co_window_of_opportunity_a, co_window_paths_a, co_window_broadway_a,
          co_window_2corner, co_window_cross_2, co_window_broadway_b,
          co_window_2corner, co_window_unsneaky_path_b, co_window_paths_d,
          co_window_paths_e, glass_columns_a, serial_shops, nicolae_shop_crystal
D:6:      layout_loops_ring, roderic_lattice_a, serial_park_tiny_2,
          chequers_serial_rivers_room_a
Temple:   nicolae_temple_no_exploring_needed

Skill      XL: |  1  2  3  4  5  6  7  8 |
---------------+-------------------------+-----
Stealth        | 1 2 3 4 |  4.3
Fighting       | 3 4 5 6 |  6.2
Dodging        | 3 4 5 |  5.6
Ranged Weapons | 5 6 |  6.9

Action                   |  1- 3 |  4- 6 |  7- 9 || total
-------------------------+-------+-------+-------++-------
Melee: Shortbow          |       |       |     3 ||     3
       Headbutt          |       |       |     1 ||     1
 Fire: Shortbow          |   109 |   167 |   141 ||   417
  Use: Scroll            |     4 |     5 |     3 ||    12
       Potion            |       |     7 |       ||     7
Armor: Leather armour    |     8 |    16 |    20 ||    44
       Skin              |       |    23 |       ||    23
Dodge: Dodged            |    26 |    49 |    61 ||   136

Table legend: (Time is in decaauts)
 A = Elapsed time spent in this place.
 B = Non-inter-level travel time spent in this place.
 C = Inter-level travel time spent in this place.
 D = Time resting spent in this place.
 E = Time spent auto-exploring this place.
 F = Levels seen in this place.
 G = Mean time per level.
                   A        B        C        D        E       F      G
               +--------+--------+--------+--------+--------+-----+--------+
         Total |   5214 |   5102 |    112 |    430 |   3819 |   7 |  744.9 |
       Dungeon |   5195 |   5083 |    112 |    430 |   3819 |   6 |  865.8 |
        Temple |     18 |     18 |      0 |      0 |      0 |   1 |   18.0 |
               +--------+--------+--------+--------+--------+-----+--------+

Top non-repeatable levels by time:
     D:5: 1423 daAuts
     D:4: 1201 daAuts
     D:3: 989 daAuts
     D:1: 886 daAuts
     D:2: 677 daAuts
  Temple: 18 daAuts
     D:6: 17 daAuts

Table legend:
 A = Kills in this place as a percentage of kills in entire the game.
 B = Kills by you in this place as a percentage of kills by you in the entire game.
 C = Kills by friends in this place as a percentage of kills by friends in the entire game.
 D = Other kills in this place as a percentage of other kills in the entire game.
 E = Experience gained in this place as a percentage of experience gained in the entire game.
 F = Experience gained in this place divided by the number of levels of this place that you have seen.
                   A       B       C       D       E      F
               +-------+-------+-------+-------+-------+----------------------
         Total | 100.0 | 100.0 |   N/A |   N/A | 100.0 | 233.6
       Dungeon | 100.0 | 100.0 |   N/A |   N/A | 100.0 | 272.5
               +-------+-------+-------+-------+-------+----------------------
